 Dungeon Crawl Stone Soup version 0.18.1-8-gdd0e5ea (webtiles) character file.

1172 LORDOFBUTT the Chopper (level 8, -3/106 HPs)
             Began as a Minotaur Berserker on May 24, 2016.
             Was a Priest of Trog.
             Killed by divine providence
             ... invoked by an orc priest
              (12 damage)
             ... on level 5 of the Dungeon.
             The game lasted 00:04:11 (3897 turns).

LORDOFBUTT the Chopper (Minotaur Berserker)         Turns: 3897, Time: 00:04:12

Health: -3/106     AC: 15    Str: 27    XL:     8   Next: 18%
Magic:  7/7        EV: 11    Int:  4    God:    Trog [***...]
Gold:   268        SH:  0    Dex: 12    Spells: 0 memorised, 7 levels left

rFire  + . .     SeeInvis .     a - +0 hand axe
rCold  . . .     Gourm    +     c - +0 chain mail
rNeg   . . .     Faith    .     (no shield)
rPois  .         Spirit   .     (helmet restricted)
rElec  .         Dismiss  .     (no cloak)
rCorr  .         Reflect  .     (no gloves)
SustAt .         Harm     .     (no boots)
MR     .....                    o - amulet of the gourmand
Stlth  ..........               n - +5 ring of protection
                                d - ring of protection from fire

@: berserking, very quick, not resistant to hostile enchantments, extremely
unstealthy
A: retaliatory headbutt, horns 2
a: Berserk, Trog's Hand, Burn Spellbooks, Renounce Religion


You were on level 5 of the Dungeon.
You worshipped Trog.
Trog was most pleased with you.
You were hungry.

You visited 1 branch of the dungeon, and saw 5 of its levels.
You also visited: Ossuary.

You collected 268 gold pieces.

Inventory:

Hand Weapons
 a - a +0 hand axe (weapon)
Armour
 b - a +0 animal skin
 c - a +0 chain mail (worn)
Jewellery
 d - a ring of protection from fire (left hand)
 n - a +5 ring of protection (right hand)
 o - an amulet of the gourmand (around neck)
Wands
 m - a wand of polymorph (9/24)
Scrolls
 g - 3 scrolls of fear
 h - 5 scrolls of remove curse
 j - a scroll of amnesia {unknown}
 k - a scroll of enchant armour {unknown}
 l - 2 scrolls of blinking {unknown}
 p - a scroll of magic mapping {unknown}
 r - a scroll of fog {unknown}
 t - a scroll of teleportation {unknown}
Potions
 f - 4 potions of curing
 i - 5 potions of heal wounds
 q - a potion of agility
Books
 e - a book of Cantrips

   Spells                             Type                      Level
   a - Corona                         Hexes                        1
   b - Animate Skeleton               Necromancy                   1
   c - Summon Small Mammal            Summoning                    1
   d - Apportation                    Translocation                1
   Trog disapproves of the use of such an item.


   Skills:
 + Level 6.6 Fighting
 + Level 7.8 Axes
 + Level 5.7 Armour
 + Level 5.2 Dodging
 + Level 1.0 Stealth


You had 7 spell levels left.
You didn't know any spells.

Dungeon Overview and Level Annotations

Branches:
Dungeon (5/15)             Temple (0/1) D:4

Altars:
Dithmenos
Gozag
Kikubaaqudgha
Nemelex Xobeh
Okawaru
Vehumet
Zin


Innate Abilities, Weirdness & Mutations

You reflexively headbutt those who attack you in melee.
You have a pair of horns on your head.


Message History

The orc warrior is lightly wounded.
The orc warrior barely misses you. The orc priest completely misses you.
You completely miss the orc priest. You headbutt the orc priest.
The orc priest is lightly wounded.
You hit the orc warrior but do no damage.
The orc warrior is lightly wounded.
The orc warrior hits you with a war axe!
* * * LOW HITPOINT WARNING * * *
You completely miss the orc priest.
The orc priest is lightly wounded.
You closely miss the orc warrior.
The orc warrior is lightly wounded.
The orc priest miscasts a cantrip.
A red film seems to cover your vision as you go berserk!
You feel yourself moving faster!
You feel mighty!
You are feeling hungry.
The orc warrior misses you.
The orc priest invokes the aid of Beogh against you.
Beogh smites you!
You die...

##........##
#..........#
#..........#
#..........#
#.........#
#.........+
#...o†o..#
##....@...##
#..........#
#..........#
#..<..%.......
##############


You could see an orc warrior and an orc priest.

Vanquished Creatures
  2 phantoms (D:4)
  A sky beast (D:5)
  2 elf zombies (Ossuary)
  A scorpion (D:4)
  A water moccasin skeleton (D:4)
  2 centaur zombies (Ossuary)
  4 orc priests
  5 orc wizards
  2 worker ants
  A big kobold zombie (Ossuary)
  2 hound zombies (Ossuary)
  A hound skeleton (D:4)
  3 mummies (Ossuary)
  9 adders
  An adder zombie (Ossuary)
  An adder skeleton (D:4)
  A worm (D:3)
  4 dart slugs
  18 orcs
  A ball python (D:3)
  7 bats
  6 goblins
  7 hobgoblins
  2 jackals (D:2)
  2 giant newts (D:2)
  A gnoll zombie (Ossuary)
  6 goblin zombies (Ossuary)
  2 hobgoblin zombies (Ossuary)
  A jackal skeleton (D:4)
  6 jackal zombies (Ossuary)
  8 kobolds
  2 kobold zombies (Ossuary)
  4 orc zombies (Ossuary)
  4 quokka zombies (Ossuary)
  4 rats
  2 rat zombies (Ossuary)
  A butterfly (D:4)
127 creatures vanquished.

Notes
Turn   | Place    | Note
--------------------------------------------------------------
     0 | D:1      | LORDOFBUTT the Minotaur Berserker began the quest for the Orb.
     0 | D:1      | Reached XP level 1. HP: 19/19 MP: 0/0
   424 | D:1      | Reached XP level 2. HP: 22/27 MP: 1/1
   767 | D:2      | Reached skill level 4 in Axes
  1038 | D:2      | Reached ** piety under Trog
  1038 | D:2      | Reached XP level 3. HP: 33/33 MP: 2/2
  1161 | D:2      | Found a shadowy altar of Dithmenos.
  1296 | D:2      | Found a sparkling altar of Nemelex Xobeh.
  1558 | D:3      | Found an iron altar of Okawaru.
  1652 | D:3      | Found a radiant altar of Vehumet.
  1759 | D:3      | Reached XP level 4. HP: 41/41 MP: 3/3
  1771 | D:3      | Found a glowing silver altar of Zin.
  1849 | D:3      | Reached *** piety under Trog
  1852 | D:3      | Reached skill level 5 in Axes
  1852 | D:3      | Reached XP level 5. HP: 39/47 MP: 4/4
  1854 | D:3      | Reached skill level 5 in Fighting
  2529 | D:3      | Reached skill level 1 in Stealth
  2890 | D:4      | Reached XP level 6. HP: 47/56 MP: 5/5
  2965 | D:4      | Found an ancient bone altar of Kikubaaqudgha.
  2980 | D:4      | Reached skill level 6 in Axes
  2980 | D:4      | Reached XP level 7. HP: 55/62 MP: 6/6
  3079 | D:4      | Found a sand-covered staircase.
  3089 | Ossuary  | Entered an ossuary
  3315 | Ossuary  | Reached skill level 5 in Armour
  3326 | Ossuary  | Reached skill level 7 in Axes
  3349 | Ossuary  | Reached skill level 5 in Dodging
  3392 | D:4      | Found a staircase to the Ecumenical Temple.
  3460 | D:4      | Found an opulent altar of Gozag.
  3704 | D:4      | Reached XP level 8. HP: 41/71 MP: 7/7
  3883 | D:5      | Entered Level 5 of the Dungeon
  3897 | D:5      | Killed from afar by an orc priest

Skill      XL: |  1  2  3  4  5  6  7 |
---------------+----------------------+-----
Fighting       | 4 5 6 |  6.6
Axes           | 4 5 6 7 |  7.8
Dodging        | 3 4 5 |  5.2
Stealth        | 1 |  1.0
Armour         | 3 4 5 |  5.7

Action                   |  1- 3 |  4- 6 |  7- 9 || total
-------------------------+-------+-------+-------++-------
Melee: Hand axe          |    78 |   121 |   176 ||   375
       Headbutt          |    15 |    11 |    42 ||    68
Invok: Berserk           |       |     2 |     1 ||     3
  Use: Scroll            |       |       |     5 ||     5
  Eat: Chunk             |     5 |       |       ||     5
       Fruit             |     3 |       |       ||     3
       Bread ration      |     1 |       |       ||     1
       Beef jerky        |       |       |     1 ||     1
Armor: Animal skin       |    16 |       |       ||    16
       Chain mail        |     5 |    66 |    83 ||   154
Dodge: Dodged            |    58 |    52 |    79 ||   189
